 Dungeon Crawl Stone Soup version 0.31.0-32-g396128a36d (webtiles) character file.

Game seed: 9854833536897673983

1672454 LordWeiramon the Politician (level 27, 78/199 HPs)
             Began as a Kobold Fighter on Apr 12, 2024.
             Was the Champion of Ashenzari.
             Escaped with the Orb
             ... and 3 runes on Apr 14, 2024!
             The game lasted 04:50:01 (71679 turns).

LordWeiramon the Politician (Kobold Fighter)       Turns: 71679, Time: 04:50:02

Health: 78/199     AC: 33    Str: 22    XL:     27
Magic:  35/35      EV: 52    Int: 10    God:    Ashenzari [******]
Gold:   7356       SH:  0    Dex: 36    Spells: 29/42 levels left

rFire   + . .        a - +8 pair of quick blades "Gyre" and "Gimble" {protect, Elem, Fort} (curse)
rCold   + + .        (shield currently unavailable)
rNeg    + . .        r - +5 ring mail of Ashenzari's Malaise {Will+ Slay+3, Self, Dev} (curse)
rPois   +            D - +2 helmet "Ruined Together" {Fort, Melee} (curse)
rElec   .            M - +2 cloak of Toth-Mos's Legacy {rPois, Fort, Melee} (curse)
rCorr   +            F - +2 pair of gloves of Supernal Knowledge {Dex+3, Dev, Cun} (curse)
SInv    +            p - +2 pair of boots "Restrained Affliction" {Fly, Fort, Comp} (curse)
Will    +++..        C - amulet "Omission of Ashenzari" {rF+ Regen+ Int+2, Self, Cun} (curse)
Stlth   ++++         j - ring "Bound Oblivion" {rCorr Str+2 Dex+6, Fort, Elem} (curse)
HPRegen 1.33/turn    s - ring "I Knew You'd Do That" {rC++ rN+ Dex+2 Slay+2, Cun, Fort} (curse)
MPRegen 0.24/turn

%: clarity
@: flying, studying 2 skills
A: small, no large weapons, nightstalker 3, talons 1, berserk 1, strong 1
0: Orb of Zot
}: 3/15 runes: decaying, serpentine, silver
a: Renounce Religion, Shatter the Chains


You escaped.
You worshipped Ashenzari.
Ashenzari was exalted by your worship.
You visited 11 branches of the dungeon, and saw 51 of its levels.
You visited the Abyss 1 time.
You also visited: Bailey, Gauntlet and Ice Cave.

You collected 10415 gold pieces.
You spent 3059 gold pieces at shops.

Inventory:

Hand Weapons
 a - the cursed +8 pair of quick blades "Gyre" and "Gimble" (weapon) {protect, Elem, Fort}
   (You acquired it on level 3 of the Vaults)

   It has a curse which improves the following skills: Elements: Fire Magic, Ice
   Magic, Air Magic and Earth Magic.
   Fortitude: Armour and Shields.
Missiles
 e - a throwing net
 o - 84 poisoned darts
 t - 15 curare-tipped darts (quivered)
Armour
 b - a +2 cloak
 p - the cursed +2 pair of boots "Restrained Affliction" (worn) {Fly, Fort, Comp}
   (You found it in a Gauntlet)

   It has a curse which improves the following skills: Fortitude: Armour and
   Shields.
   Companions: Summonings and Necromancy.
 r - the cursed +5 ring mail of Ashenzari's Malaise (worn) {Will+ Slay+3, Self, Dev}
   (You found it on level 1 of the Crypt)

   Slay+3:    It affects your accuracy & damage with ranged weapons and melee
   (+3).
   Will+:     It increases your willpower.
   It has a curse which improves the following skills: Introspection: Fighting
   and Spellcasting.
   Devices:   Evocations and Shapeshifting.
 D - the cursed +2 helmet "Ruined Together" (worn) {Fort, Melee}
   (You found it on level 1 of the Snake Pit)

   It has a curse which improves the following skills: Fortitude: Armour and
   Shields.
   Melee Combat: Short Blades, Long Blades, Axes, Maces & Flails, Polearms,
   Staves and Unarmed Combat.
 F - the cursed +2 pair of gloves of Supernal Knowledge (worn) {Dex+3, Dev, Cun}
   (You found it on level 3 of the Crypt)

   It has a curse which improves the following skills: Devices: Evocations and
   Shapeshifting.
   Cunning:   Dodging and Stealth.
 M - the cursed +2 cloak of Toth-Mos's Legacy (worn) {rPois, Fort, Melee}
   (You took it off a draconian knight on level 1 of the Realm of Zot)

   It has a curse which improves the following skills: Fortitude: Armour and
   Shields.
   Melee Combat: Short Blades, Long Blades, Axes, Maces & Flails, Polearms,
   Staves and Unarmed Combat.
Jewellery
 j - the cursed ring "Bound Oblivion" (left hand) {rCorr Str+2 Dex+6, Fort, Elem}
   (You bought it in a shop on level 3 of the Depths)

   [ring of dexterity]

   Str+2:     It affects your strength (+2).
   Dex+6:     It affects your dexterity (+6).
   rCorr:     It protects you from acid and corrosion.
   It has a curse which improves the following skills: Fortitude: Armour and
   Shields.
   Elements:  Fire Magic, Ice Magic, Air Magic and Earth Magic.
 s - the cursed ring "I Knew You'd Do That" (right hand) {rC++ rN+ Dex+2 Slay+2, Cun, Fort}
   (You found it on level 3 of the Vaults)

   [ring of positive energy]

   Dex+2:     It affects your dexterity (+2).
   Slay+2:    It affects your accuracy & damage with ranged weapons and melee
   (+2).
   rC++:      It greatly protects you from cold.
   rN+:       It protects you from negative energy.
   It has a curse which improves the following skills: Cunning: Dodging and
   Stealth.
   Fortitude: Armour and Shields.
 C - the cursed amulet "Omission of Ashenzari" (around neck) {rF+ Regen+ Int+2, Self, Cun}
   (You took it off a deep elf blademaster on level 3 of the Elven Halls)

   [amulet of regeneration]

   Int+2:     It affects your intelligence (+2).
   rF+:       It protects you from fire.
   Regen+:    It increases your rate of health regeneration.
   It has a curse which improves the following skills: Introspection: Fighting
   and Spellcasting.
   Cunning:   Dodging and Stealth.
Wands
 h - a wand of mindburst (24)
 v - a wand of digging (11)
 w - a wand of roots (93)
 N - a wand of acid (26)
 R - a wand of paralysis (50)
Scrolls
 c - 7 scrolls of enchant weapon
 g - 8 scrolls of fear
 l - 17 scrolls of teleportation
 m - 9 scrolls of revelation
 n - 12 scrolls of blinking
 u - 2 scrolls of enchant armour
 x - 8 scrolls of poison
 y - 11 scrolls of fog
 I - 14 scrolls of vulnerability
 L - 5 scrolls of summoning
 Q - 2 scrolls of silence
Potions
 d - 5 potions of magic
 f - 4 potions of brilliance
 i - 10 potions of haste
 k - 17 potions of curing
 q - 2 potions of resistance
 z - 7 potions of cancellation
 A - 4 potions of berserk rage
 B - 9 potions of might
 K - 8 potions of enlightenment
 T - 14 potions of mutation
 V - 6 potions of ambrosia
 Y - 10 potions of heal wounds
 Z - 3 potions of invisibility
Miscellaneous
 E - a phial of floods
 H - a lightning rod (4/4)
 J - a phantom mirror
 U - a sack of spiders
 X - a condenser vane


   Skills:
 - Level 24.7(27) Fighting
 O Level 27 Short Blades
 - Level 6.0 Throwing
 - Level 20.0(27) Armour
 - Level 24.7(27) Dodging
 - Level 24.6(27) Stealth
 - Level 10.1(17.5) Shields
 - Level 5.0(8.4) Spellcasting
 - Level 4.9 Hexes
 - Level 5.0(8.4) Ice Magic
 - Level 9.0(12.6) Earth Magic
 + Level 9.8(13.4) Evocations


You had 29 spell levels left.
You knew the following spells:

 Your Spells              Type           Power      Damage    Failure   Level
a - Passwall              Erth           29%        N/A       1%          3
b - Ensorcelled Hibernat  Hex/Ice        34%        N/A       1%          2
c - Confusing Touch       Hex            14%        N/A       8%          3
d - Lee's Rapid Deconstr  Erth           14%        3d9*      3%          5

Your spell library contained the following spells:

 Spells                   Type           Power      Damage    Failure   Level
 Freeze                   Ice            84%        1d9       1%          1
 Sandblast                Erth           58%        2d13      1%          1
 Frozen Ramparts          Ice            42%        1d7       1%          3
 Ozocubu's Armour         Ice            21%        N/A       1%          3
 Slow                     Hex            56%        N/A       2%          1
 Stone Arrow              Conj/Erth      32%        3d9       4%          3
 Sigil of Binding         Hex            14%        N/A       8%          3
 Tukima's Dance           Hex            14%        N/A       8%          3
 Hailstorm                Conj/Ice       12%        3d6       10%         3
 Summon Ice Beast         Ice/Summ       13%        N/A       10%         3
 Brom's Barrelling Bould  Conj/Erth      16%        2d4       14%         4
 Leda's Liquefaction      Alch/Erth      8%         N/A       14%         4
 Petrify                  Alch/Erth      16%        N/A       14%         4
 Necrotise                Necr           16%        1d4       17%         1
 Shock                    Conj/Air       16%        1d4       17%         1
 Summon Small Mammal      Summ           16%        N/A       17%         1
 Apportation              Tloc           8%         N/A       19%         1
 Sting                    Conj/Alch      16%        1d4       19%         1
 Inner Flame              Hex/Fire       9%         N/A       19%         3
 Dazzling Flash           Conj/Hex       18%        N/A       21%         3
 Mercury Vapours          Alch/Air       8%         N/A       26%         2
 Static Discharge         Conj/Air       8%         3-4/arc   26%         2
 Sublimation of Blood     Necr           4%         N/A       26%         2
 Cause Fear               Hex            7%         N/A       26%         4
 Blink                    Tloc           8%         N/A       28%         2
 Lesser Beckoning         Tloc           8%         N/A       28%         2
 Momentum Strike          Conj/Tloc      8%         3d8       28%         2
 Metabolic Englaciation   Hex/Ice        8%         N/A       34%         5
 Borgnjor's Vile Clutch   Necr/Erth      8%         N/A       36%         5
 Swiftness                Air            5%         N/A       43%         3
 Call Canine Familiar     Summ           4%         N/A       45%         3
 Fugue of the Fallen      Necr           4%         N/A       45%         3
 Vampiric Draining        Necr           4%         2d6       45%         3
 Volatile Blastmotes      Fire/Tloc      8%         2d10      45%         3
 Mephitic Cloud           Conj/Alch/Air  4%         N/A       47%         3
 Gell's Gravitas          Tloc           4%         N/A       50%         3
 Teleport Other           Tloc           4%         N/A       50%         3
 Anguish                  Hex/Necr       4%         N/A       54%         4
 Airstrike                Air            2%         2d(1-17)  83%         4
 Freezing Cloud           Conj/Ice/Air   5%         6-21      83%         5
 Summon Blazeheart Golem  Fire/Summ      5%         N/A       85%         4
 Summon Lightning Spire   Summ/Air       5%         N/A       85%         4
 Animate Dead             Necr           4%         N/A       86%         4
 Vhi's Electric Charge    Tloc/Air       8%         N/A       86%         4
 Summon Mana Viper        Hex/Summ       9%         N/A       87%         5
 Manifold Assault         Tloc           4%         N/A       88%         4
 Olgreb's Toxic Radiance  Alch           4%         N/A       88%         4
 Passage of Golubria      Tloc           4%         N/A       88%         4
 Yara's Violent Unravell  Hex/Alch       4%         3d4       88%         5
 Bombard                  Conj/Erth      8%         9d2       91%         6
 Arcjolt                  Conj/Air       2%         1d12      99%         5
 Fireball                 Conj/Fire      2%         3d4       99%         5
 Irradiate                Conj/Alch      2%         3d12      99%         5
 Sculpt Simulacrum        Ice/Alch       6%         N/A       99%         6
 Death Channel            Necr           2%         N/A       100%        6
 Plasma Beam              Fire/Air       2%         2x1d12    100%        6
 Starburst                Conj/Fire      2%         6d3       100%        6
 Enfeeble                 Hex            7%         N/A       100%        7
 Haunt                    Necr/Summ      2%         N/A       100%        7
 Malign Gateway           Summ/Tloc      2%         N/A       100%        7
 Orb of Destruction       Conj           2%         9d5       100%        7
 Spellforged Servitor     Conj/Summ      2%         N/A       100%        7
 Borgnjor's Revivificati  Necr           2%         N/A       100%        8
 Ignition                 Fire           2%         3d3       100%        8
 Infestation              Necr           2%         N/A       100%        8
 Maxwell's Capacitive Co  Air            2%         ∞         100%        8
 Summon Horrible Things   Summ           2%         N/A       100%        8
 Death's Door             Necr           2%         N/A       100%        9
 Dragon's Call            Summ           2%         N/A       100%        9


Dungeon Overview and Level Annotations

Branches:
Dungeon (15/15)            Temple (1/1) D:7            Lair (5/5) D:9
  Swamp (4/4) Lair:2        Snake (4/4) Lair:2        Slime (0/5) Lair:4
    Orc (2/2) D:12            Elf (3/3) Orc:2        Vaults (5/5) D:14
  Crypt (3/3) Vaults:3       Tomb (0/3) Crypt:3      Depths (4/4) D:15
    Zot (5/5) Depths:4     Bailey (visited)           IceCv (visited)
Gauntlet (visited)

Altars:
Ashenzari
Cheibriados
Dithmenos
Elyvilon
Fedhas
Gozag
Hepliaklqana
Kikubaaqudgha
Makhleb
Nemelex Xobeh
Okawaru
Qazlal
Ru
Sif Muna
Trog
Uskayaw
Vehumet
Wu Jian
Xom
Yredelemnul
Zin
The Shining One
Jiyva
Lugonu

Shops:
D:8 ?   Orc:2 [(=[*   Snake:3 ::?   Vaults:2 *   Vaults:4 *   Zot:5 *
Depths:3 ==:

Portals:
Hell: Depths:1 Depths:2 Depths:3 Depths:4
Abyss: Lair:5 Swamp:1 Depths:2 Depths:3
Pandemonium: Depths:1 Depths:2
Ziggurat: Depths:2
Trove: Vaults:3 (give +5 ice dragon scales)

Annotations:
Swamp:1 2 transporters, chippings's ghost, journeyman DrWn
Vaults:4 3 runed translucent doors, mantisjm's ghost, veteran HOFi
Zot:5 3 runed translucent doors, exclusion: obsidian statue, AgateBread's ghost, veteran TrGl


Innate Abilities, Weirdness & Mutations

You are small and have problems with some larger weapons.
You are completely attuned to the shadows.
You have sharp toenails.
You sometimes lose your temper in combat.
Your muscles are strong. (Str +4, Int/Dex -1)


Message History

You hit the hellwing but do no damage. You hit the hellwing.
You hit the hellwing but do no damage.
The hellwing is moderately wounded.
You hit the hellwing but do no damage. You hit the hellwing.
You puncture the hellwing! You barely miss the hellwing.
The hellwing is heavily wounded.
The hellwing completely misses you. x2
You hit the hellwing. You completely miss the hellwing. You hit the hellwing.
You hit the hellwing but do no damage.
The hellwing is severely wounded.
You hit the hellwing. You puncture the hellwing!
You kill the hellwing!
No target in view!
An Ice Fiend comes into view.
The Ice Fiend roars!
The Ice Fiend completely misses you.
The Ice Fiend claws you but does no damage.
You hit the Ice Fiend but do no damage. You hit the Ice Fiend.
You puncture the Ice Fiend! You hit the Ice Fiend.
The Ice Fiend is moderately wounded.
You hit the Ice Fiend but do no damage. x3; You puncture the Ice Fiend!
The Ice Fiend is moderately wounded.
The Ice Fiend calls on the powers of darkness!
Your body is wracked with pain!
You hit the Ice Fiend. x2; You puncture the Ice Fiend!
You hit the Ice Fiend.
The Ice Fiend is severely wounded.
You puncture the Ice Fiend! You hit the Ice Fiend. You puncture the Ice Fiend!
You hit the Ice Fiend.
The Ice Fiend is almost dead.
The Ice Fiend calls on the powers of darkness!
Your body is wracked with pain!
You are too injured to fight recklessly!
You are too injured to fight recklessly!
You puncture the Ice Fiend!
You kill the Ice Fiend!
There is a stone staircase leading up here.
You fly upwards.
There is a stone staircase leading down here.
There is a staircase leading out of the dungeon here.
You have escaped!

#...{{...##.............
#.{###########.#######.#
##{.## #..# #.... ##..####
###.## ###.##.
#.....###...####...###
########.........###.......##
#.........≈≈≈≈...##...§≈≈≈..#
#........≈≈≈≈.≈.....§≈≈§§§§..
#........≈≈>@≈≈...§§.≈§≈≈≈≈..
#........≈≈≈≈≈≈...§..≈≈≈≈≈≈..
#.........≈≈≈≈..####..§≈≈≈..#
#.......#......## ##.§....##
#.......#...##.# #.....##
#.......#.#..#.## ##.###.#
####..###.##.#..####..# #.###
##.#...##.##......## #....
#.#.####....##..## #####


There were no monsters in sight!

Vanquished Creatures
  4 dread liches
  Tiamat (Zot:2)
  4 ancient liches
  3 orbs of fire (Zot:5)
  Mara (Swamp:4)
  The ghost of deprived the Demon Slayer, a veteran HOFi of the Shining One (Vaults:1)
  The ghost of Nestulecw the Fencer, a veteran BaIE of Cheibriados (Depths:3)
  the Lernaean hydra (Swamp:4)
  2 Killer Klowns (Zot:5)
  2 curse toes
  Vashnia (Snake:4)
  9 golden dragons
  Nikola (Swamp:1)
  Norris (Vaults:1)
  3 electric golems
  Zenata (Vaults:4)
  A Brimstone Fiend (D:3)
  17 tentacled monstrosities
  6 liches
  25 Orb Guardians (Zot:5)
  Asterion (Vaults:1)
  An Ice Fiend (D:2)
  Mlioglotl (Swamp:4)
  A walking divine tome (Depths:2)
  4 deep elf blademasters
  5 quicksilver dragons
  4 titans (Vaults:5)
  The ghost of PaiMei the Necromancer, an adept DsNe of Lugonu (Elf:3)
  2 deep elf master archers (Elf:3)
  The ghost of convarich the Brawler, an adept TrMo of Uskayaw (Snake:3)
  4 acid blobs (Depths:4)
  8 sphinxes
  A thorn hunter (Snake:3)
  14 death cobs
  3 revenants
  9 tengu reavers
  A rockslime (Depths:4)
  Kirke (Swamp:1)
  11 storm dragons
  10 shadow dragons
  A fenstrider witch (Swamp:3)
  5 nagarajas (Snake:4)
  5 fire giants
  3 protean progenitors (Zot:3)
  3 draconian monks
  11 draconian knights
  An azure jelly (Depths:4)
  9 frost giants
  5 draconian shifters
  3 iron dragons
  2 balrugs
  An angel (Zot:2)
  A caustic shrike zombie (Crypt:2)
  10 deep elf sorcerers
  9 draconian scorchers
  3 ghost moths
  13 draconian stormcallers
  Louise (Swamp:4)
  19 vault wardens
  A curse skull (Crypt:3)
  5 deep elf elementalists (Elf:3)
  7 ghouls
  A juggernaut zombie (Crypt:2)
  4 orc warlords
  3 cacodemons (Depths:3)
  3 quicksilver oozes (Depths:4)
  11 draconian annihilators
  A caustic shrike skeleton (Abyss:4)
  16 ironbound preservers
  35 very ugly things
  2 formless jellyfish
  Nessos (D:15)
  8 deep elf annihilators
  6 deep elf demonologists
  14 deep elf death magi
  9 green draconians
  17 stone giants
  8 yellow draconians
  A minotaur (Gauntlet)
  8 ironbound thunderhulks
  7 black draconians
  Azrael (D:15)
  3 eleionomae
  9 bunyips
  12 dire elephants
  13 war gargoyles
  6 vampire knights
  12 red draconians
  14 white draconians
  11 purple draconians
  5 eidola
  14 spark wasps
  2 merfolk impalers (Vaults:2)
  17 ettins
  2 crystal guardians (Vaults:4)
  The ghost of Consumeair16 the Destroyer, a journeyman GnCj of Sif Muna (D:12)
  10 fire dragons
  A merfolk javelineer (Depths:2)
  3 jiangshi (Crypt:2)
  3 blizzard demons
  11 great orbs of eyes
  3 rakshasas
  19 yaktaur captains
  6 deep elf high priests
  36 vault guards
  5 spriggan air magi
  8 ice dragons
  4 peacekeepers
  16 hydras
  A spriggan zombie (Crypt:2)
  2 quicksilver dragon skeletons (Crypt:1)
  3 salamander tyrants (Snake:4)
  6 anacondas
  13 alligators
  10 ghost crabs (Crypt:3)
  6 boulder beetles
  2 ogre magi (Vaults:5)
  4 centaur warriors
  4 death knights
  12 two-headed ogres
  19 dancing weapons
  16 ironbound frosthearts
  A sphinx skeleton (Crypt:2)
  8 deep troll earth magi
  6 deep troll shamans
  8 tengu warriors
  6 vampire magi
  3 spriggan berserkers
  2 thrashing horrors (Lair:5)
  17 naga warriors
  5 orc high priests
  3 occultists
  8 shock serpents
  3 soul eaters
  6 hell knights
  A wretched star (Abyss:4)
  12 naga sharpshooters
  5 sun demons
  8 iron trolls
  13 deep elf knights
  A sixfirhy (D:7)
  A titan skeleton (Crypt:1)
  A skyshark (shapeshifter) (Depths:3)
  5 skysharks
  Lodul (D:12)
  5 salamander mystics
  17 skeletal warriors
  51 deep trolls
  5 goliath frogs
  4 spriggan druids
  A death drake (shapeshifter) (Vaults:5)
  13 spriggan simulacra
  6 mana vipers
  A glowing orange brain (shapeshifter) (Vaults:5)
  An orb spider (shapeshifter) (Vaults:3)
  6 glowing orange brains
  9 flayed ghosts
  13 swamp dragons
  A sun moth (shapeshifter) (Lair:5)
  2 anaconda zombies (Crypt:1)
  22 phantasmal warriors
  9 bog bodies
  An obsidian statue (IceCv)
  5 naga ritualists
  9 lindwurms
  A steelbarb worm (shapeshifter) (Depths:2)
  A swamp dragon (shapeshifter) (Vaults:5)
  5 deep elf archers
  2 mana vipers (shapeshifter)
  12 arcanists
  6 necromancers
  7 orc knights
  An iron dragon zombie (Crypt:1)
  A large abomination (Lair:5)
  27 deep elf pyromancers
  18 deep elf zephyrmancers
  9 harpies
  A tengu zombie (Depths:2)
  An oklob plant (Lair:5)
  A shining eye (Depths:4)
  2 orc sorcerers
  18 ironbound convokers
  A broodmother zombie (Crypt:2)
  39 ugly things
  3 manticores
  An alligator zombie (Crypt:1)
  A faun (shapeshifter) (Depths:3)
  2 will-o-the-wisps (Swamp:1)
  18 salamanders
  15 cyclopes
  3 kobold blastminers
  3 elephants (Lair:5)
  34 black mambas
  25 moths of wrath
  An ice statue (Gauntlet)
  2 centaur zombies (Crypt:1)
  15 naga magi
  14 vault sentinels
  An alligator snapping turtle zombie (Crypt:2)
  An apocalypse crab (Gauntlet)
  A stone giant skeleton (Crypt:3)
  A water nymph (shapeshifter) (Vaults:5)
  4 guardian serpents
  5 smoke demons
  3 centaur skeletons
  2 naga skeletons (Crypt:2)
  An orc skeleton (Crypt:1)
  5 cane toads
  2 eyes of devastation (shapeshifter) (Depths:3)
  11 komodo dragons
  6 gargoyles
  43 yaktaurs
  An unseen horror (D:11)
  3 dire elephant skeletons
  A green draconian skeleton (Crypt:2)
  2 kobold demonologists (D:12)
  4 rime drakes
  7 freezing wraiths
  A rime drake (shapeshifter) (Depths:3)
  An alligator snapping turtle skeleton (Crypt:2)
  An efreet (D:14)
  An iron troll zombie (Crypt:1)
  4 anaconda simulacra
  5 tengu conjurers (Depths:3)
  A great orb of eyes zombie (Crypt:1)
  3 polar bears (Lair:2)
  An ancient zyme (Abyss:4)
  5 ice devils (IceCv)
  11 trolls
  A troll (shapeshifter) (Depths:3)
  A guardian mummy (Crypt:3)
  6 tyrant leeches
  A merfolk (shapeshifter) (Elf:3)
  A sea snake skeleton (Crypt:1)
  A wind drake (shapeshifter) (Depths:3)
  A hellwing (D:2)
  3 harpy skeletons
  A tengu simulacrum (Depths:2)
  10 hornets
  3 glass eyes
  A polar bear (shapeshifter) (Vaults:5)
  12 blink frogs
  18 slime creatures
  3 alligator simulacra (IceCv)
  2 dream sheep (Zot:3)
  A culicivora zombie (Crypt:1)
  3 raiju
  A snapping turtle (D:12)
  A ynoxinul (Lair:5)
  4 air elementals
  9 shadows
  12 spriggans
  Sigmund (D:5)
  An ettin skeleton (Crypt:2)
  9 wraiths
  60 yaks
  2 fire dragon skeletons (Crypt:3)
  14 water elementals
  2 vampires
  4 dire elephant simulacra
  6 basilisks
  A hog (shapeshifter) (Depths:3)
  16 humans (D:14)
  A yak (shapeshifter) (Depths:3)
  4 fire elementals
  An ushabti (Crypt:3)
  A warg (Orc:2)
  A basilisk (shapeshifter) (Depths:3)
  3 neqoxecs
  20 vampire mosquitoes
  2 steam dragons (D:8)
  4 chaos spawn
  9 minotaur simulacra (IceCv)
  A glowing shapeshifter zombie (Crypt:2)
  60 nagas
  3 harpy simulacra
  5 hell hounds (D:15)
  2 hydra simulacra (IceCv)
  10 small abominations (Lair:5)
  22 swamp worms
  2 acid dragons
  11 water moccasins
  A glowing shapeshifter skeleton (Depths:2)
  A demonspawn skeleton (Crypt:2)
  34 orc warriors
  A sky beast (D:5)
  Duvessa (D:6)
  9 swamp drakes
  2 black bears (Lair:1)
  2 ice beasts (D:7)
  21 laughing skulls
  A black mamba simulacrum (Crypt:2)
  10 wolves
  16 ogres
  15 centaurs
  11 boggarts
  A blink frog skeleton (Crypt:2)
  A torpor snail zombie (Crypt:1)
  A phantom (D:6)
  10 kobold brigands
  13 bullfrogs
  3 earth elementals
  7 deep troll simulacra (IceCv)
  A gnoll sergeant (D:9)
  4 necrophages
  2 scorpions
  Dowan (D:6)
  5 wights (D:10)
  2 lindwurm simulacra
  15 killer bees
  9 howler monkeys
  An electric eel (D:11)
  2 jellies
  4 hounds
  11 orc priests
  4 iguanas
  A sleepcap (D:7)
  Crazy Yiuf (D:5)
  Jessica (D:2)
  20 orc wizards
  10 mummies (Crypt:3)
  10 gnolls
  A howler monkey skeleton (Crypt:2)
  6 adders
  A shadow imp (D:7)
  2 white imps
  2 ufetubi (D:6)
  A dart slug (D:1)
  56 orcs
  10 ball pythons
  3 bats
  13 endoplasms
  3 giant cockroaches
  7 goblins
  5 hobgoblins
  10 jackals
  32 kobolds
  3 quokkas
  3 frilled lizards
  A frilled lizard zombie (Crypt:2)
  4 rats
  2 aspiring fleshes (Zot:3)
2323 creatures vanquished.

Vanquished Creatures (collateral kills)
  A sphinx (Vaults:2)
  A naga (Snake:4)
2 creatures vanquished.

Vanquished Creatures (others)
  A frost giant (Vaults:5)
  A spriggan berserker (Depths:2)
  A manticore (D:7)
  An ugly thing (Depths:2)
  3 bloated husks
  3 humans (Swamp:1)
  4 foxfires (Swamp:1)
14 creatures vanquished.

Grand Total: 2339 creatures vanquished

Notes
Turn   | Place    | Note
-------+----------+-------------------------------------------
     0 | D:1      | LordWeiramon the Kobold Fighter began the quest for the
                  | Orb.
     0 | D:1      | Reached XP level 1. HP: 14/14 MP: 1/1
   134 | D:1      | Found a faded altar of an unknown god.
   153 | D:1      | Reached skill level 3 in Short Blades
   311 | D:1      | Reached XP level 2. HP: 19/19 MP: 2/2
   442 | D:1      | Reached skill level 4 in Short Blades
   476 | D:1      | Reached XP level 3. HP: 17/23 MP: 3/3
   573 | D:1      | Reached skill level 1 in Stealth
  1065 | D:2      | Reached XP level 4. HP: 15/28 MP: 4/4
  1186 | D:2      | Found a hazy altar of Hepliaklqana.
  1448 | D:2      | Reached skill level 5 in Short Blades
  1578 | D:2      | Noticed Jessica
  1582 | D:2      | Killed Jessica
  1583 | D:2      | Reached XP level 5. HP: 32/32 MP: 5/5
  1963 | D:3      | Reached skill level 6 in Short Blades
  2026 | D:3      | Found an iron altar of Okawaru.
  2173 | D:3      | Reached skill level 1 in Dodging
  3110 | D:4      | Reached XP level 6. HP: 37/37 MP: 6/6
  3297 | D:4      | Found a blossoming altar of Fedhas.
  3297 | D:4      | Found a basalt altar of Yredelemnul.
  3571 | D:4      | Found a glowing golden altar of the Shining One.
  3583 | D:4      | Identified the +4 hand axe "Zayt" {freeze, Int+3}
  3634 | D:5      | Entered Level 5 of the Dungeon
  3677 | D:5      | Reached skill level 7 in Short Blades
  3677 | D:5      | Reached XP level 7. HP: 41/41 MP: 7/7
  3685 | D:5      | Noticed Sigmund
  3688 | D:5      | Killed Sigmund
  3689 | D:5      | Reached skill level 8 in Short Blades
  3895 | D:5      | Found an ornate altar of the Wu Jian Council.
  4047 | D:5      | Learned a level 3 spell: Passwall
  4050 | D:5      | Learned a level 2 spell: Ensorcelled Hibernation
  4068 | D:5      | Found a runed translucent door.
  4071 | D:5      | Noticed Crazy Yiuf
  4317 | D:5      | Found a stormy altar of Qazlal.
  4337 | D:5      | Reached skill level 12 in Short Blades
  4337 | D:5      | Reached skill level 10 in Stealth
  4337 | D:5      | Reached XP level 8. HP: 46/46 MP: 8/8
  4370 | D:5      | Reached skill level 13 in Short Blades
  4486 | D:5      | Reached XP level 9. HP: 52/52 MP: 9/9
  4589 | D:5      | Learned a level 3 spell: Confusing Touch
  5261 | D:6      | Reached skill level 5 in Fighting
  5280 | D:6      | Found an opulent altar of Gozag.
  5530 | D:6      | Noticed Dowan
  5532 | D:6      | Noticed Duvessa
  5554 | D:6      | Killed Duvessa
  5559 | D:6      | Killed Dowan
  6922 | D:7      | Found a staircase to the Ecumenical Temple.
  6928 | Temple   | Entered the Ecumenical Temple
  6952 | Temple   | Became a worshipper of Ashenzari the Shackled
  7502 | D:8      | Reached skill level 1 in Evocations
  7502 | D:8      | Reached XP level 10. HP: 61/61 MP: 10/10
  7911 | D:8      | Reached skill level 5 in Evocations
  8040 | D:8      | Found Ygataisew's Magic Scroll Shop.
  8045 | D:8      | Bought 3 scrolls of fog for 192 gold pieces
  8045 | D:8      | Bought a scroll of poison for 64 gold pieces
  8045 | D:8      | Bought a scroll of poison for 64 gold pieces
  8131 | D:8      | Reached skill level 10 in Dodging
  8371 | D:9      | Found a staircase to the Lair.
  9057 | D:9      | Reached skill level 1 in Throwing
  9408 | D:7      | Noticed a manticore
  9412 | D:7      | Killed a manticore
  9413 | D:7      | Reached XP level 11. HP: 61/66 MP: 11/11
  9591 | D:5      | Killed Crazy Yiuf
  9684 | D:10     | Entered Level 10 of the Dungeon
  9686 | D:10     | Reached * piety under Ashenzari
  9710 | D:10     | Found a flagged portal.
  9717 | Bailey   | Entered a bailey
  9855 | Bailey   | Identified the +4 scale mail "Bigirami" {rPois Will+ SInv}
  9972 | Bailey   | Reached skill level 5 in Throwing
 10075 | Bailey   | Found a burning altar of Makhleb.
 10339 | D:10     | Reached ** piety under Ashenzari
 10421 | D:10     | Noticed a two-headed ogre
 10433 | D:10     | Killed a two-headed ogre
 11744 | D:11     | Reached skill level 5 in Armour
 12139 | D:11     | Noticed a cyclops
 12149 | D:11     | Killed a cyclops
 12243 | D:11     | Reached *** piety under Ashenzari
 12610 | D:11     | Found a white marble altar of Elyvilon.
 12610 | D:11     | Noticed a two-headed ogre
 12614 | D:11     | Killed a two-headed ogre
 12615 | D:11     | Reached skill level 5 in Shields
 12615 | D:11     | Reached XP level 12. HP: 71/71 MP: 12/12
 12705 | Lair:1   | Entered Level 1 of the Lair of Beasts
 12804 | Lair:1   | Reached **** piety under Ashenzari
 13470 | Lair:1   | Noticed a boulder beetle
 13489 | Lair:1   | Killed a boulder beetle
 13680 | Lair:1   | Found the +8 trident of the Octopus King {venom, rElec
                  | rPois}
 13693 | Lair:1   | Identified the +4 plate armour of the Kappa {-Tele Str+5}
 14098 | Lair:2   | Found a staircase to the Swamp.
 14406 | Lair:2   | Identified a scroll of acquirement
 14429 | Lair:2   | Reached skill level 10 in Fighting
 14432 | Lair:2   | Acquired the ring of the Thieving Gods {rPois rN+}
 14810 | Lair:2   | Noticed an eight-headed hydra
 15079 | Lair:2   | Noticed a skyshark
 15082 | Lair:2   | Killed a skyshark
 15147 | Lair:2   | Reached XP level 13. HP: 82/82 MP: 13/13
 15180 | Lair:2   | Found a staircase to the Snake Pit.
 15459 | Lair:2   | Killed an eight-headed hydra
 16443 | Lair:3   | Reached skill level 15 in Dodging
 16719 | Lair:3   | Reached ***** piety under Ashenzari
 16918 | Lair:4   | Reached skill level 1 in Ice Magic
 17002 | Lair:4   | Reached skill level 1 in Spellcasting
 17002 | Lair:4   | Reached skill level 1 in Hexes
 17002 | Lair:4   | Reached skill level 1 in Earth Magic
 17300 | Lair:4   | Found a viscous altar of Jiyva.
 17301 | Lair:4   | Found a staircase to the Slime Pits.
 17464 | Lair:5   | Entered Level 5 of the Lair of Beasts
 17719 | Lair:5   | Noticed a five-headed hydra
 17723 | Lair:5   | Killed a five-headed hydra
 17901 | Lair:5   | Found a hazy altar of Hepliaklqana.
 18040 | Lair:5   | Reached XP level 14. HP: 75/88 MP: 18/18
 18499 | Lair:5   | Reached skill level 5 in Ice Magic
 18987 | Lair:5   | Identified the +9 hand axe of the End of Times {spect,
                  | Dex+4}
 19825 | Lair:5   | Reached skill level 5 in Spellcasting
 19847 | Lair:5   | Reached skill level 5 in Earth Magic
 19874 | Lair:5   | Found a corrupted altar of Lugonu.
 19876 | Lair:5   | Found a one-way gate to the infinite horrors of the Abyss.
 20449 | D:12     | Found a transporter.
 20449 | D:12     | Found a transporter.
 20764 | D:12     | Found a staircase to the Orcish Mines.
 20886 | D:12     | Noticed Lodul
 20934 | D:12     | Killed Lodul
 22108 | D:14     | Reached XP level 15. HP: 96/96 MP: 22/25
 23169 | D:14     | Reached skill level 15 in Stealth
 23327 | D:14     | Reached skill level 14 in Short Blades
 23466 | D:14     | Found a gate to the Vaults.
 23803 | D:14     | Acquired a +4 rapier of draining
 23992 | D:8      | Bought 2 scrolls of silence for 304 gold pieces
 23992 | D:8      | Bought a scroll of enchant weapon for 120 gold pieces
 23992 | D:8      | Bought a scroll of enchant weapon for 120 gold pieces
 24163 | D:15     | Entered Level 15 of the Dungeon
 24182 | D:15     | Reached skill level 15 in Short Blades
 24242 | D:15     | Found a hide-covered altar of Uskayaw.
 24494 | D:15     | Reached skill level 16 in Short Blades
 24799 | D:15     | Noticed Nessos
 24803 | D:15     | Killed Nessos
 24931 | D:15     | Noticed Azrael
 24931 | D:15     | Killed Azrael
 25221 | D:15     | Reached XP level 16. HP: 72/101 MP: 26/26
 25224 | D:15     | Found a staircase to the Depths.
 25559 | Orc:1    | Entered Level 1 of the Orcish Mines
 25669 | Orc:2    | Entered Level 2 of the Orcish Mines
 25803 | Orc:2    | Found a gate leading to a gauntlet.
 25814 | Gauntlet | Entered a Gauntlet
 25814 | Gauntlet | Found a transporter.
 25815 | Gauntlet | Found a runed translucent door.
 25829 | Gauntlet | Found a transporter.
 25843 | Gauntlet | Found a transporter.
 25860 | Gauntlet | Found a transporter.
 25868 | Gauntlet | Identified the +2 hat of Evaxarr {*Corrode Regen+ Str+2
                  | Int+6}
 25869 | Gauntlet | Identified the Incunable of the Twisted Crevasse
 25876 | Gauntlet | Found a transporter.
 25884 | Gauntlet | Found a transporter.
 25891 | Gauntlet | Found a runed translucent door.
 25902 | Gauntlet | Found a transporter.
 25914 | Gauntlet | Found a transporter.
 25927 | Gauntlet | Found a transporter.
 25944 | Gauntlet | Found a transporter.
 25951 | Gauntlet | Identified the +6 great mace of the Dark Horse {elec,
                  | Int+3}
 25959 | Gauntlet | Found a transporter.
 25967 | Gauntlet | Found a transporter.
 25985 | Gauntlet | Found a transporter.
 25998 | Gauntlet | Found a transporter.
 26008 | Gauntlet | Found a runed translucent door.
 26031 | Gauntlet | Identified the +6 war axe of the Augurer {flame, rC+ rN+
                  | Str+2}
 26302 | Gauntlet | Identified the Directory of Guile
 26304 | Gauntlet | Identified the +0 leather armour of the Vacuum {Stlth+}
 26521 | Orc:2    | Found Woshoagga's Jewellery Shoppe.
 26560 | Orc:2    | Found Veteetonn's Armour Shop.
 27042 | Orc:2    | Found Gulot's Antique Weapon Shop.
 27068 | Orc:2    | Found a staircase to the Elven Halls.
 27076 | Orc:2    | Found an iron altar of Okawaru.
 27290 | Orc:2    | Found Otoxki's Antique Armour Boutique.
 27364 | Orc:2    | Found Ynaeci's General Store.
 28058 | D:12     | Noticed Consumeair16's ghost (journeyman GnCj)
 28310 | D:12     | Killed Consumeair16's ghost
 28315 | D:12     | Found a bloodstained altar of Trog.
 28353 | D:12     | Reached XP level 17. HP: 102/102 MP: 24/24
 28486 | Swamp:1  | Entered Level 1 of the Swamp
 28519 | Swamp:1  | Found a transporter.
 28549 | Swamp:1  | Noticed an Executioner
 28573 | Swamp:1  | Found a transporter.
 28574 | Swamp:1  | Noticed chippings's ghost (journeyman DrWn)
 28936 | Swamp:1  | Noticed Kirke
 28940 | Swamp:1  | Killed Kirke
 28941 | Swamp:1  | Reached skill level 17 in Short Blades
 29264 | Swamp:1  | Noticed Nikola
 29285 | Swamp:1  | Killed Nikola
 29633 | Swamp:2  | Reached skill level 18 in Short Blades
 29957 | Swamp:1  | Reached XP level 18. HP: 86/108 MP: 25/25
 31213 | Swamp:3  | Identified the +5 long sword of Nyuteghu {freeze, Will++
                  | Dex-5}
 31252 | Swamp:4  | Entered Level 4 of the Swamp
 31557 | Swamp:4  | Noticed Mlioglotl
 31560 | Swamp:4  | Killed Mlioglotl
 31659 | Swamp:4  | Noticed Mara
 31664 | Swamp:4  | Killed Mara
 32061 | Swamp:4  | Noticed the 27-headed Lernaean hydra
 32062 | Swamp:4  | Noticed Louise
 32072 | Swamp:4  | Killed the 27-headed Lernaean hydra
 32073 | Swamp:4  | Reached skill level 10 in Armour
 32085 | Swamp:4  | Killed Louise
 32366 | Swamp:4  | Got a decaying rune of Zot
 32545 | Snake:1  | Entered Level 1 of the Snake Pit
 32869 | Snake:1  | Reached XP level 19. HP: 114/114 MP: 23/26
 34888 | Snake:3  | Found a runed translucent gate.
 34888 | Snake:3  | Found a runed translucent gate.
 34888 | Snake:3  | Found a runed translucent gate.
 35041 | Snake:3  | Noticed a tentacled monstrosity
 35285 | Snake:3  | Found Iniwiutz's Book Emporium.
 35285 | Snake:3  | Found Kireumn's Book Shoppe.
 35286 | Snake:3  | Found Suugu's Magic Scroll Emporium.
 35294 | Snake:3  | Bought a scroll of blinking for 127 gold pieces
 35294 | Snake:3  | Bought a scroll of teleportation for 51 gold pieces
 35294 | Snake:3  | Bought a scroll of teleportation for 51 gold pieces
 35294 | Snake:3  | Bought a scroll of teleportation for 51 gold pieces
 35316 | Snake:3  | Reached skill level 10 in Shields
 35578 | Snake:3  | Killed a tentacled monstrosity
 35658 | Snake:3  | Noticed a tentacled monstrosity
 35660 | Snake:3  | Killed a tentacled monstrosity
 35979 | Snake:3  | Reached skill level 19 in Short Blades
 36430 | Snake:3  | Identified the +8 spear of the Vanishing Artisans {flame,
                  | *Corrode rF+ Str+4 Dex-5}
 36431 | Snake:3  | Identified the +12 great sword of Courage {drain, Fly
                  | rElec}
 36602 | Snake:3  | Noticed convarich's ghost (adept TrMo)
 36606 | Snake:3  | Killed convarich's ghost
 36628 | Snake:4  | Entered Level 4 of the Snake Pit
 37067 | Snake:4  | Reached skill level 20 in Short Blades
 37426 | Snake:4  | Reached XP level 20. HP: 120/120 MP: 27/27
 37754 | Snake:4  | Noticed Vashnia
 37765 | Snake:4  | Killed Vashnia
 37772 | Snake:4  | Reached skill level 21 in Short Blades
 39192 | Snake:4  | Got a serpentine rune of Zot
 39649 | Elf:1    | Entered Level 1 of the Elven Halls
 41038 | Elf:2    | Found a glacial archway.
 41083 | Elf:2    | Reached ****** piety under Ashenzari
 41134 | IceCv    | Entered an ice cave
 42122 | Elf:2    | Reached XP level 21. HP: 120/124 MP: 18/28
 42618 | Elf:2    | Paralysed by an air elemental for 1 turns
 42622 | Elf:2    | Paralysed by an air elemental for 1 turns
 42629 | Elf:2    | Paralysed by an air elemental for 1 turns
 42967 | Elf:2    | Found a runed translucent gate.
 42976 | Elf:2    | Found a runed translucent gate.
 42976 | Elf:2    | Found a runed translucent gate.
 44129 | Elf:3    | Entered Level 3 of the Elven Halls
 44548 | Elf:3    | Found a runed translucent gate.
 44548 | Elf:3    | Noticed PaiMei's ghost (adept DsNe)
 44549 | Elf:3    | Found a runed translucent gate.
 44550 | Elf:3    | Found a runed translucent gate.
 44553 | Elf:3    | Identified the +9 shortbow of Exkij {heavy, Int+3 Dex+4}
 44554 | Elf:3    | Killed PaiMei's ghost
 44914 | Elf:3    | Identified the +7 halberd of Domination {antimagic, Str+7
                  | Int+2}
 45543 | Elf:3    | Identified the +9 spear of Analysis {freeze, *Slow rN+
                  | Will+ Dex+5}
 45555 | Elf:3    | Reached skill level 15 in Fighting
 45639 | Abyss:4  | Cast into level 4 of the Abyss (a deep elf sorcerer)
 45931 | Abyss:4  | Paralysed by an air elemental for 1 turns
 45954 | Elf:3    | Escaped the Abyss
 45958 | Elf:3    | Identified the amulet "Kisi" {rF+ Regen+ Int+2}
 45978 | Elf:3    | Identified the +2 hand axe "Afuorer" {flame, rN+++}
 46264 | Elf:3    | Identified the +0 spear "Emeevech" {venom, ^Contam rN++
                  | Int+3}
 46364 | Elf:3    | Found the ring of the Octopus King {rC+ HP+2 AC+2 EV+2
                  | SH+2}
 46384 | Elf:3    | Identified the amulet of Ascent {Spirit rPois rN+ Dex+3}
 46403 | Elf:3    | Reached XP level 22. HP: 114/143 MP: 29/29
 46742 | Vaults:1 | Entered Level 1 of the Vaults
 46787 | Vaults:1 | Identified the cursed +0 cloak of Supernal Wisdom {Bglg,
                  | Dev} (You took it off Crazy Yiuf on level 5 of the Dungeon)
 46787 | Vaults:1 | Identified the cursed +0 helmet of Ashenzari's Augurer
                  | {Bglg, Range} (You found it on level 3 of the Dungeon)
 46787 | Vaults:1 | Identified the cursed +2 pair of gloves of Ashenzari's
                  | Scepticism {Str+3, Cun, Elem} (You found it on level 3 of
                  | the Snake Pit)
 46787 | Vaults:1 | Identified the cursed +2 pair of boots "Restrained
                  | Affliction" {Fly, Fort, Comp} (You found it in a Gauntlet)
 46958 | Vaults:1 | Noticed Norris
 46974 | Vaults:1 | Killed Norris
 47880 | Vaults:1 | Noticed Asterion
 47884 | Vaults:1 | Killed Asterion
 49643 | Vaults:2 | Found a runed translucent gate.
 49643 | Vaults:2 | Found a runed translucent gate.
 49643 | Vaults:2 | Found a runed translucent gate.
 49716 | Vaults:2 | Noticed deprived's ghost (veteran HOFi)
 50022 | Vaults:1 | Killed deprived's ghost
 50222 | Vaults:2 | Identified the +0 leather armour of Weightlessness {rC+
                  | Int+2 Dex-3 Stlth+}
 50223 | Vaults:2 | Found an iron altar of Okawaru.
 50223 | Vaults:2 | Identified the amulet of the Sixty-Six Eyes {Acrobat Dex+4}
 50277 | Vaults:2 | Found Fuja's Assorted Antiques.
 50342 | Vaults:2 | Reached XP level 23. HP: 149/149 MP: 30/30
 51199 | Vaults:3 | Found a staircase to the Crypt.
 51418 | Vaults:3 | Identified the ring "Dinaezuo" {rC++ rN+ Dex+2 Slay+2}
 51447 | Vaults:3 | Reached skill level 22 in Short Blades
 51506 | Vaults:3 | Acquired 1133 gold pieces
 52275 | Vaults:3 | Acquired the +8 pair of quick blades "Gyre" and "Gimble"
                  | {protect}
 52275 | Vaults:3 | Found the +8 pair of quick blades "Gyre" and "Gimble"
                  | {protect}
 52370 | Vaults:3 | Found a portal to a secret trove of treasure.
 52383 | Vaults:3 | Identified the Lessons on Non-Euclidean Fumes
 52421 | Vaults:3 | Reached skill level 23 in Short Blades
 53033 | Vaults:4 | Found a runed translucent gate.
 53033 | Vaults:4 | Found a runed translucent gate.
 53035 | Vaults:4 | Found a runed translucent gate.
 53037 | Vaults:4 | Noticed mantisjm's ghost (veteran HOFi)
 53179 | Vaults:4 | Reached skill level 24 in Short Blades
 53392 | Vaults:4 | Noticed Zenata
 53410 | Vaults:4 | Killed Zenata
 53526 | Vaults:4 | Reached XP level 24. HP: 156/156 MP: 30/30
 53720 | Vaults:4 | Reached skill level 25 in Short Blades
 54086 | Vaults:4 | Found Veud's Assorted Antiques.
 54091 | Vaults:4 | Bought a potion of might for 152 gold pieces
 54091 | Vaults:4 | Bought a potion of enlightenment for 190 gold pieces
 54091 | Vaults:4 | Bought a potion of curing for 114 gold pieces
 54091 | Vaults:4 | Bought a scroll of fear for 152 gold pieces
 54091 | Vaults:4 | Bought a potion of curing for 114 gold pieces
 54091 | Vaults:4 | Bought a twisted gilded ring for 190 gold pieces
 54408 | Crypt:1  | Entered Level 1 of the Crypt
 54408 | Crypt:1  | Identified the +1 falchion "Rood Bups" {freeze, +Blink rN+}
 54596 | Crypt:1  | Identified the +5 ring mail of Xoto Weni {Will+ Slay+3}
 54779 | Crypt:1  | Reached skill level 26 in Short Blades
 55797 | Crypt:2  | Reached skill level 27 in Short Blades
 56644 | Crypt:3  | Entered Level 3 of the Crypt
 56664 | Crypt:2  | Found an ancient bone altar of Kikubaaqudgha.
 57357 | Crypt:3  | Found a staircase to the Tomb.
 57410 | Crypt:3  | Reached XP level 25. HP: 169/169 MP: 33/33
 57796 | Crypt:3  | Identified the staff of a Million Visions {rPois rC+ rN+
                  | Hexes Necro}
 57953 | Crypt:3  | Noticed a dread lich
 57957 | Crypt:3  | Killed a dread lich
 57973 | Crypt:3  | Learned a level 5 spell: Lee's Rapid Deconstruction
 58074 | Crypt:3  | Found an ancient bone altar of Kikubaaqudgha.
 58171 | Crypt:3  | Noticed a dread lich
 58178 | Crypt:3  | Killed a dread lich
 58231 | Crypt:3  | Noticed a dread lich
 58248 | Crypt:3  | Killed a dread lich
 58564 | Vaults:5 | Entered Level 5 of the Vaults
 58570 | Vaults:5 | Noticed an ancient lich
 58861 | Vaults:5 | Identified the +5 whip "Cets" {flame, rElec rC- Will+++
                  | Str-3}
 59170 | Vaults:5 | Got a silver rune of Zot
 59348 | Vaults:4 | Reached XP level 26. HP: 184/184 MP: 33/33
 60041 | Vaults:5 | Killed an ancient lich
 60087 | Vaults:5 | Identified the death talisman "Zafrudghu" {Stlth+}
 60730 | Depths:1 | Entered Level 1 of the Depths
 60788 | Depths:1 | Found a gateway to Hell.
 61383 | Depths:1 | Found a one-way gate leading to the halls of Pandemonium.
 61893 | Depths:2 | Identified the +4 arbalest of Ucha {freeze, MP+9 Dex+5}
 61893 | Depths:2 | Identified the +7 great sword "Ypasudgha" {flame, Will+}
 61970 | Depths:2 | Found a one-way gateway to a ziggurat.
 62000 | Depths:2 | Reached XP level 27. HP: 195/197 MP: 34/34
 62149 | Depths:2 | Found a shimmering altar of Xom.
 62282 | Depths:2 | Identified the +4 ring mail "Qead" {rElec Will+}
 62756 | Depths:3 | Found a runed translucent gate.
 62756 | Depths:3 | Found a runed translucent gate.
 62757 | Depths:3 | Found a runed translucent gate.
 62776 | Depths:3 | Identified the staff "Qigygra" {rC+ Stlth+ Necro Ice}
 63527 | Depths:3 | Found Egimet's Jewellery Shop.
 63527 | Depths:3 | Found Kaseag's Jewellery Shop.
 63528 | Depths:3 | Found Unnaom Rola's Book Emporium.
 63673 | Depths:3 | Found a runed translucent gate.
 63673 | Depths:3 | Found a runed translucent gate.
 63675 | Depths:3 | Found a runed translucent gate.
 63688 | Depths:3 | Noticed Nestulecw's ghost (veteran BaIE)
 63774 | Depths:3 | Killed Nestulecw's ghost
 63801 | Depths:3 | Identified the +1 robe of Sinlalil {Harm}
 64254 | Depths:4 | Entered Level 4 of the Depths
 64519 | Depths:4 | Gained mutation: You sometimes lose your temper in combat.
                  | [a shining eye]
 64539 | Depths:4 | Identified the +0 spear "Uhuemu" {vamp, Dex+2}
 64881 | Depths:4 | Found a gate to the Realm of Zot.
 65506 | Zot:1    | Entered Level 1 of the Realm of Zot
 65992 | Depths:3 | Bought the ring "Taloj" {rCorr Str+2 Dex+6} for 1003 gold
                  | pieces
 67108 | Zot:2    | Found the +4 dragonskin cloak
 67108 | Zot:2    | Noticed Tiamat
 67140 | Zot:2    | Killed Tiamat
 67153 | Zot:2    | Reached skill level 15 in Armour
 68838 | Zot:3    | Identified the +3 scale mail "Xystitaa" {Will++ Dex+2 SInv}
 69214 | Zot:4    | Identified the +1 battleaxe of Odurgh {drain, rF+ Dex+2}
 69895 | Zot:4    | Identified the dragon-blood talisman "Kanworag" {rElec rN+}
 69946 | Zot:5    | Entered Level 5 of the Realm of Zot
 70147 | Zot:5    | Found a runed translucent gate.
 70147 | Zot:5    | Found a runed translucent gate.
 70147 | Zot:5    | Found a runed translucent gate.
 70149 | Zot:5    | Found an opulent altar of Gozag.
 70151 | Zot:5    | Found Bitiujol's Assorted Antiques.
 70152 | Zot:5    | Noticed AgateBread's ghost (veteran TrGl)
 70364 | Zot:5    | Noticed an orb of fire
 70366 | Zot:5    | Noticed an orb of fire
 70369 | Zot:5    | Gained mutation: You have sharp toenails. [an orb of fire]
 70370 | Zot:5    | Gained mutation: You occasionally lose the ability to drink
                  | potions when taking damage. [an orb of fire]
 70376 | Zot:5    | Killed an orb of fire
 70383 | Zot:5    | Killed an orb of fire
 70385 | Zot:5    | Noticed an orb of fire
 70403 | Zot:5    | Gained mutation: You are vulnerable to cold. (rC-) [an orb
                  | of fire]
 70404 | Zot:5    | Killed an orb of fire
 70424 | Zot:5    | Noticed a Killer Klown
 70433 | Zot:5    | Killed a Killer Klown
 70440 | Zot:5    | Noticed a Killer Klown
 70447 | Zot:5    | Noticed an ancient lich
 70451 | Zot:5    | Noticed a dread lich
 70452 | Zot:5    | Noticed an ancient lich
 70463 | Zot:5    | Killed a dread lich
 70465 | Zot:5    | Killed an ancient lich
 70477 | Zot:5    | Killed an ancient lich
 70482 | Zot:5    | Killed a Killer Klown
 70770 | Zot:5    | Noticed an ancient lich
 70775 | Zot:5    | Killed an ancient lich
 71051 | Zot:5    | Lost mutation: You occasionally lose the ability to drink
                  | potions when taking damage. [potion of mutation]
 71051 | Zot:5    | Lost mutation: You are vulnerable to cold. (rC-) [potion of
                  | mutation]
 71051 | Zot:5    | Gained mutation: Your muscles are strong. (Str +4, Int/Dex
                  | -1) [potion of mutation]
 71100 | Zot:5    | Got the Orb of Zot
 71190 | Zot:3    | Noticed Heuqeg Ysig the pandemonium lord
 71679 | D:$      | Escaped with the Orb!

Illustrated notes

Levels and vault maps discovered:
D:1:      dpeg_arrival_pits, layout_rooms,
          shapermc_ecumenical_altar_mp_ritualfount, serial_bayou_lake_a
D:2:      layout_loops_ring, basic_altar, minmay_misc_feat_rows, uniq_jessica
D:3:      layout_basic, mainiacjoe_overflow_catwalk, serial_bayou,
          serial_bayou_pond_a, serial_bayou_pond_a, serial_bayou_crossing,
          serial_bayou_pond_c
D:4:      layout_basic, nicolae_tso_swordbearing_angel,
          nicolae_overflow_squiral, minmay_liquid_box
D:5:      layout_loops_corners, nicolae_wu_jian_wuxing_cycle,
          nicolae_qazlal_beasts_of_the_sky, uniq_sigmund,
          uniq_crazy_yiuf_cottage
D:6:      layout_basic, lemuel_crystal_altar, serial_bayou,
          serial_bayou_lagoon_b, serial_bayou_pond_c, serial_bayou_pond_c,
          serial_bayou_ford_a, uniq_duvessa
D:7:      layout_basic, temple_fountains, serial_glass, glass_columns_a,
          glass_columns_a, glass_columns_b, glass_columns_b, glass_columns_c,
          glass_columns_c, glass_columns_a, glass_columns_c, minmay_manual_moon
D:8:      layout_basic, serial_shops, shop_statue
D:9:      layout_basic, lair_entry_dummy
D:10:     layout_stronghold, enter_bailey_2
D:11:     layout_cave_pods, nicolae_elyvilon_temple_path
D:12:     layout_roguey, orc_0_dummy, serial_aquarium, aquarium_bridge_straight
          [aquarium_subvault_bridge, aquarium_subvault_balcony,
          aquarium_subvault_bridge, aquarium_subvault_window],
          aquarium_window_corner, aquarium_window_corner, aquarium_view_2d,
          aquarium_view_2c, aquarium_pool_five,
          gammafunk_ghost_wrathful_warriors, reono_crystal_passage,
          serial_library_hellmonk_room_a, uniq_lodul
D:13:     layout_loops_ring
D:14:     layout_big_octagon, grunt_vaults_entry_tiered, minivault_11
D:15:     grunt_enter_depths_hoard, layout_irregular_city,
          nicolae_uskayaw_murder_on_the_dancefloor, dk_noncrumbling_3,
          uniq_nessos, uniq_azrael
Temple:   hellmonk_temple_of_storms
Lair:1:   layout_small_grid, lemuel_fruit_tree, grunt_megastairs_2,
          infiniplex_staircase_pool_2
Lair:2:   layout_misc_corridors, skrybe_swamp_entry_bodies,
          nicolae_snake_entry_squirm
Lair:3:   layout_concentric_octagons
Lair:4:   layout_misc_corridors, nicolae_slime_entry_slimehenge
Lair:5:   hellmonk_lair_end_abyssal_woods, layout_gridlike, st_stairs_6,
          lemuel_oklob_altar, serial_bayou_shore_b
Swamp:1:  layout_basic_swamp, gammafunk_ghost_abyssal_escape,
          nicolae_swamp_bean_lake, uniq_kirke, uniq_nikola
Swamp:2:  layout_basic_swamp, hangedman_swamp_pad
Swamp:3:  layout_basic_swamp, evilmike_swamp_ruin_house_2, swamp_pool_1_2
Swamp:4:  swamp_old_school, layout_basic_swamp, uniq_mara, uniq_louise,
          uniq_mlioglotl
Snake:1:  layout_onion, serial_library_regret_index_split_case
Snake:2:  layout_layer_cave, nrook_loot_triangle, grunt_ministairs_1
Snake:3:  onia_ninara_swampy_vault, layout_cave_town, ebering_ghost_rock_garden,
          minmay_shop_star
Snake:4:  minmay_snake_end_coiled, layout_misc_corridors,
          beargit_elvish_explorers, serial_bayou_shore_b, uniq_vashnia
Orc:1:    layout_caves
Orc:2:    grunt_orc_gardens, layout_caves, grunt_orc_garden, grunt_orc_garden,
          grunt_orc_garden, grunt_orc_garden, serial_shops,
          nicolae_shop_behind_doors, gauntlet_entry_generic,
          okawaru_metal_pillars_1_2
Elf:1:    nicolae_elf_arrival_fired_up, layout_onion_city,
          hangedman_elf_disciples
Elf:2:    elven_hall_of_blades_hangedman_original
          [nicolae_blade_entry_area_security], layout_onion_city,
          portal_ice_cave_entry_ice_simulacra, fountainhead
Elf:3:    grunt_elf_hall_spiral, layout_gridlike, ebering_ghost_rock_garden
Vaults:1: nicolae_vaults_mitosis, nicolae_vaults_stand_back,
          nicolae_vaults_double_plus_2, nicolae_vaults_cochlea,
          nicolae_vaults_tetromino_L_2, nicolae_vaults_weapon_check,
          vaults_dpeg_encased_lava, nicolae_vaults_sightless_eye,
          layout_vaults_quadrants, uniq_norris, uniq_asterion
Vaults:2: gammafunk_ghost_fury_of_okawaru, nicolae_vaults_fighting_squares,
          nicolae_vaults_storage_room_doors, hangedman_vaults_restitches,
          v_misc_13, vaults_mumra_minichess, vaults_room_corners,
          hangedman_vaults_trim, vaults_dpeg_emergency_exit, v_alt_pattern_2,
          ontoclasm_vaults_spin, layout_vaults_big_room, serial_shops, shop
Vaults:3: nicolae_vaults_three_branches, dpeg_vaults_hating_casters,
          nicolae_vaults_layer_cake_slice, hangedman_vaults_maws,
          minmay_crypt_entry_simple_box, nicolae_vaults_network_square,
          nicolae_vaults_windows_and_doors_thing,
          nicolae_vaults_closet_pinwheel_2, ontoclasm_vaults_pinch,
          nicolae_vaults_tangram_2, v_misc_2, nicolae_vaults_circle_grid_b,
          vaults_room_fancy_cross, vaults_mumra_chevron,
          layout_vaults_omnicross, nicolae_trove_entry_crystal
Vaults:4: gammafunk_ghost_ooze, dpeg_vaults_monster_row, nicolae_vaults_swerve,
          nicolae_vaults_trapezoid_lopsided_2, vaults_mumra_hex,
          special_room_vaults [special_room_orc],
          nicolae_vaults_storage_room_statues, nicolae_vaults_storage_closets_1,
          ontoclasm_vaults_ligature, hangedman_vaults_slice, layout_vaults_ring,
          serial_shops, shop, uniq_zenata
Vaults:5
Crypt:1:  layout_chaotic_city
Crypt:2:  layout_gridlike, lemuel_elevator, lemuel_upstairs_altar,
          roderic_lattice_octagonal_star
Crypt:3:  quadcrypt_mu
Depths:1: layout_cave_pools, minmay_misc_feat_pillars, pan_entry, hell_entry,
          grunt_ministairs_12
Depths:2: minmay_the_grid_net [minmay_the_grid_garden, minmay_the_grid_paths,
          minmay_the_grid_minigrid_medium, minmay_the_grid_all_tris,
          minmay_the_grid_dragon_a, minmay_the_grid_prize_diamond_cup],
          layout_cave_pools, enter_ziggurat_c, hell_entry,
          abyss_entry_small_statue_room, pan_entry, xom_confusion_cloud,
          minmay_staircase_statues
Depths:3: cheibrodos_birdhouse, layout_honeycomb, lightli_too_deep,
          ploomutoo_gammafunk_ghost_potion_laboratory, abyss_entry_crystal,
          minmay_shop_grove, infiniplex_staircase_door_maze
Depths:4: grunt_zot_entry_alcove, layout_twisted_cross, pf_coc_iceberg,
          special_room [special_room_jelly], chequers_serial_rivers_micro_a
Zot:1:    layout_onion_interference, regret_index_zotdec_stipple_waver,
          guppyfry_library_mini
Zot:2:    layout_basic, uniq_tiamat
Zot:3:    lemuel_draconian_sentries, layout_misc_corridors,
          regret_index_zotdec_decaying_vile
Zot:4:    layout_concentric_octagons
Zot:5:    layout_basic, ebering_ghost_gozag

Skill      XL: |  1  2  3  4  5  6  7  8  9 10 11 12 13 14 15 16 17 18 19 20 21 22 23 24 25 26 27 |
---------------+----------------------------------------------------------------------------------+-----
Short Blades   | 3 4 5 6 7 12 13 16 18 20 21 24 27 | 27.0
Stealth        | 3 10 13 15 20 21 24 | 24.6
Dodging        | 3 4 9 10 12 15 18 22 23 24 | 24.7
Fighting       | 6 10 11 16 17 18 22 24 | 24.7
Evocations     | 1 5 9 |  9.8
Throwing       | 3 6 |  6.0
Armour         | 5 10 20 | 20.0
Shields        | 5 7 10 | 10.1
Ice Magic      | 4 5 |  5.0
Spellcasting   | 2 5 |  5.0
Hexes          | 2 4 |  4.9
Earth Magic    | 2 7 9 |  9.0

Action                     |  1- 3 |  4- 6 |  7- 9 | 10-12 | 13-15 | 16-18 | 19-21 | 22-24 | 25-27 || total
---------------------------+-------+-------+-------+-------+-------+-------+-------+-------+-------++-------
  Melee: Rapier            |   100 |    25 |       |    23 |   151 |   952 |  1681 |  1229 |       ||  4161
         Short sword       |       |    93 |   269 |   803 |  1405 |       |       |       |       ||  2570
         Pair of quick bla |       |       |       |       |       |       |       |  2849 |  6998 ||  9847
  Throw: Dart              |       |     1 |       |     8 |    10 |     8 |     9 |     4 |     1 ||    41
   Cast: Passwall          |       |       |       |       |    27 |    11 |    53 |       |    31 ||   122
         Confusing Touch   |       |       |       |       |     1 |       |       |       |       ||     1
 Invoke: Curse Item        |       |       |       |     8 |     2 |     2 |     3 |     2 |     6 ||    23
         Shatter the Chain |       |       |       |     1 |     1 |     2 |     2 |     5 |     3 ||    14
  Evoke: Wand              |       |       |       |     6 |     4 |    11 |    12 |     3 |    10 ||    46
         Phantom mirror    |       |       |       |       |       |     1 |     1 |     1 |       ||     3
         Sack of spiders   |       |       |       |       |       |       |     1 |     1 |       ||     2
         Lightning rod     |       |       |       |       |       |       |     2 |       |     4 ||     6
         Condenser vane    |       |       |       |       |       |       |     1 |     1 |     1 ||     3
         Phial of floods   |       |       |       |       |       |       |     1 |       |       ||     1
    Use: Scroll            |       |     4 |     6 |     3 |     5 |    10 |    11 |     4 |     7 ||    50
         Potion            |       |       |     5 |     2 |     2 |     3 |     1 |     7 |    11 ||    31
   Stab: Sleeping          |     5 |    17 |    16 |    27 |    87 |    66 |   119 |    98 |   119 ||   554
         Distracted        |       |     2 |     2 |     5 |     5 |    11 |    23 |    18 |    31 ||    97
         Confused          |       |       |       |       |     2 |       |     1 |       |       ||     3
         Paralysed         |       |       |       |       |       |     1 |     8 |       |       ||     9
         Invisible         |       |       |       |       |       |       |       |       |    16 ||    16
 Armour: Scale mail        |     5 |       |       |   112 |   381 |   227 |   299 |   379 |       ||  1403
         Leather armour    |    37 |    37 |    55 |    58 |       |       |       |       |       ||   187
         Skin              |       |       |       |       |       |       |       |     9 |       ||     9
         Ring mail         |       |       |       |       |       |       |       |    59 |   495 ||   554
  Dodge: Dodged            |    55 |    53 |    91 |   353 |   746 |   410 |   669 |  1416 |  1860 ||  5653
  Block: Buckler           |    28 |    18 |    37 |   286 |   616 |   335 |   577 |   473 |       ||  2370
         Reflection        |       |       |       |     5 |     5 |     9 |    52 |       |       ||    71
